 Dungeon Crawl Stone Soup version 0.21-a0-442-g848f44b (webtiles) character file.

3560 theanonym the Basher (level 10, 0/82 HPs)
             Began as a Formicid Fighter on Nov 14, 2017.
             Was a Believer of Cheibriados.
             Slain by a two-headed ogre
             ... wielding a +0 great mace
              (1 damage)
             ... on level 8 of the Dungeon.
             The game lasted 00:15:30 (8005 turns).

theanonym the Basher (Formicid Fighter)             Turns: 8005, Time: 00:15:30

Health: 0/82       AC: 12    Str: 29    XL:     10   Next: 30%
Magic:  10/14      EV: 11    Int: 13    God:    Cheibriados [**....]
Gold:   412        SH: 11    Dex: 22    Spells: 9/9 levels left

rFire    . . .     SeeInvis +   a - +3 flail (protect)
rCold    . . .     Gourm    .   c - +0 shield
rNeg     . . .     Faith    .   h - +0 chain mail
rPois    .         Spirit   .   (helmet unavailable)
rElec    .         Reflect  .   (no cloak)
rCorr    .         Harm     .   (no gloves)
MR       +....                  (no boots)
Stlth    ..........             (no amulet)
HPRegen  0.23/turn              H - +3 ring of protection
MPRegen  0.14/turn              m - +2 ring of dexterity

@: agile, very slow
A: permanent stasis, dig shafts and tunnels, four strong arms, antennae 3
a: Dig, Shaft Self, Bend Time, Renounce Religion


Innate Abilities, Weirdness & Mutations

You cannot be hasted, slowed, berserked, paralysed or teleported.
You can dig through walls and to a lower floor.
Your four strong arms can wield two-handed weapons with a shield.
You have a pair of large antennae on your head. (SInv)


   Skills:
 + Level 8.9 Fighting
 * Level 10.9 Maces & Flails
 - Level 3.2 Armour
 - Level 3.6 Shields
 - Level 6.0 Invocations


You had 9 spell levels left.
You didn't know any spells.

Skill      XL: |  1  2  3  4  5  6  7  8  9 10 |
---------------+-------------------------------+-----
Maces & Flails | 3 5 6 7 8 10 | 10.9
Fighting       | 4 5 6 7 8 |  8.9
Invocations    | 3 5 6 |  6.0
Armour         | |  3.2
Shields        | |  3.6

Action                   |  1- 3 |  4- 6 |  7- 9 | 10-12 || total
-------------------------+-------+-------+-------+-------++-------
Melee: Flail             |   111 |    27 |   408 |    97 ||   643
 Fire: Shortbow          |       |       |    25 |     6 ||    31
Throw: Javelin           |       |     4 |    11 |     1 ||    16
Invok: Bend Time         |       |       |       |     2 ||     2
 Abil: Dig               |       |       |     2 |     3 ||     5
       Shaft Self        |       |       |       |     1 ||     1
Evoke: Wand              |       |       |     2 |     3 ||     5
  Use: Scroll            |     3 |     1 |     5 |       ||     9
       Potion            |       |     3 |       |     2 ||     5
  Eat: Chunk             |     1 |     1 |     5 |     1 ||     8
       Royal jelly       |       |     1 |       |       ||     1
       Meat ration       |       |       |     1 |       ||     1
       Bread ration      |       |       |     1 |       ||     1
Armor: Scale mail        |    49 |       |       |       ||    49
       Chain mail        |     9 |     4 |   154 |    32 ||   199
Dodge: Dodged            |    36 |     4 |    75 |    18 ||   133
Block: Shield            |    66 |     6 |   177 |    45 ||   294

Inventory:

Hand Weapons
 a - a +3 flail of protection (weapon)
   (You took it off Edmund on level 5 of the Dungeon)
 b - a +0 shortbow
   (You took it off a centaur on level 5 of the Dungeon)
Missiles
 v - 4 javelins (quivered)
 y - 70 arrows
 A - 2 throwing nets
 B - 15 bolts
Armour
 c - a +0 shield (worn)
 e - a cursed +0 cloak
   (You took it off Crazy Yiuf on level 5 of the Dungeon)
 h - a +0 chain mail (worn)
   (You found it on level 2 of the Dungeon)
Jewellery
 m - a +2 ring of dexterity (right hand)
   (You found it on level 1 of the Dungeon)
 C - a cursed +4 amulet of reflection {unknown}
   (You found it on level 8 of the Dungeon)
 G - an uncursed ring of positive energy {rN+}
   (You found it on level 8 of the Dungeon)
 H - a +3 ring of protection (left hand)
   (You found it on level 8 of the Dungeon)
Wands
 j - a wand of polymorph (7/24)
   (You took it off Grinder on level 3 of the Dungeon)
 r - a wand of lightning (5/15)
   (You found it on level 7 of the Dungeon)
 t - a wand of flame (27/48)
   (You found it on level 2 of the Dungeon)
 I - a wand of disintegration (11/24)
   (You found it on level 8 of the Dungeon)
Scrolls
 i - 3 scrolls of enchant weapon {unknown}
 l - 3 scrolls of magic mapping {unknown}
 o - 2 scrolls of recharging {unknown}
 p - a scroll of enchant armour {unknown}
 s - a scroll of fear {unknown}
 x - a scroll of random uselessness {unknown}
 D - a scroll of remove curse
 E - a scroll of fog {unknown}
Potions
 d - a potion of magic
 k - a potion of flight
 n - 6 potions of curing
Comestibles
 f - 9 bread rations
 g - 7 meat rations
 w - a royal jelly
 F - 2 fruits

Dungeon Overview and Level Annotations

Branches:
Dungeon (8/15)             Temple (1/1) D:4
   Lair: D:8-11

Altars:
Ashenzari
Cheibriados
Dithmenos
Elyvilon
Fedhas
Gozag
Kikubaaqudgha
Makhleb
Nemelex Xobeh
Okawaru
Qazlal
Ru
Sif Muna
Trog
Uskayaw
Vehumet
Xom
Yredelemnul
Zin
The Shining One

Shops:
D:5 *

Annotations:
D:6 2 transporters


You were on level 8 of the Dungeon.
You worshipped Cheibriados.
Cheibriados was pleased with you.
You were hungry.

You visited 2 branches of the dungeon, and saw 9 of its levels.

You collected 412 gold pieces.


Message History

You destroy the centaur skeleton!
Cheibriados thoroughly appreciates the change of pace.
Some of the chunks of flesh in your inventory have rotted away.
No target in view!
No target in view!
You butcher the gnoll corpse.
u - 4 chunks of flesh (gained 1)
Things that are here:
a halberd; a gnoll skeleton
Things that are here:
a halberd; a gnoll skeleton
D - a scroll of remove curse You regained 3 hp, and now have 81/82 hp.
E - a scroll labeled TEUTOXACVU
F - 2 fruits
There is a stone staircase leading up here.
y - 69 arrows (gained 1);
v - 4 javelins (gained 1)
You see here a dagger.
y - 70 arrows (gained 1)
Things that are here:
a chain mail; an orc skeleton You now have 412 gold pieces (gained 22).
Found a giant club.
Health restored: 82
G - a glowing jade ring
H - an onyx ring Put on which piece of jewellery? (? for menu, Esc to quit)
Okay, then.
Okay, then.
Put on which piece of jewellery? (? for menu, Esc to quit)
G - a ring of positive energy (left hand) Put on which piece of jewellery? (? for menu, Esc to quit)
You're wearing all the rings you can.
Remove which one? (? for menu, Esc to cancel) < or
G - a ring of positive energy {rN+} > or
m - a +2 ring of dexterity You remove your ring of positive energy {rN+}.
H - a +3 ring of protection (left hand)
You start waiting.
Some of the chunks of flesh in your inventory have rotted away.
Done waiting.
I - a wand of disintegration (?/24) All of the chunks of flesh in your inventory have rotted away.
Found a stone staircase leading down.
A two-headed ogre comes into view.
It is wielding a great mace and a giant club.
The two-headed ogre shouts in stereo!
A two-headed ogre is nearby!
A two-headed ogre is nearby!
A two-headed ogre is nearby!
A two-headed ogre is nearby!
Aim: a two-headed ogre, wielding a great mace and a giant club (chance to defeat MR: 28%)
The two-headed ogre easily resists.
Evoking this partially-identified wand wasted a few charges.
The two-headed ogre hits you with a great mace!
The two-headed ogre hits you with a giant club!
You take 22 damage, and have 60/82 hp.
MASSIVE DAMAGE!!
The two-headed ogre hits you with a great mace.
You block the two-headed ogre's attack.
You take 3 damage, and have 58/82 hp.
The flow of time bends around you.
Cheibriados rebukes the two-headed ogre.
The two-headed ogre seems to slow down.
You feel slightly more hungry.
You now have 11/14 mp.
Your chain mail prevents you from hitting the two-headed ogre.
You block the two-headed ogre's attack.
The two-headed ogre hits you with a giant club!!
* * * LOW HITPOINT WARNING * * *
You take 24 damage, and have 34/82 hp.
MASSIVE DAMAGE!!
Okay, then.
The two-headed ogre is no longer moving slowly.
Okay, then.
You feel much better.
You regained 24 hp, and now have 60/82 hp.
Aim: a two-headed ogre, wielding a great mace and a giant club (chance to defeat MR: 48%)
The two-headed ogre resists with some effort.
Evoking this partially-identified wand wasted a few charges.
The two-headed ogre barely misses you. You block the two-headed ogre's attack.
Aim: a two-headed ogre, wielding a great mace and a giant club (chance to defeat MR: 48%)
The two-headed ogre is blasted.
Evoking this partially-identified wand wasted a few charges.
The two-headed ogre hits you with a great mace!!
* * * LOW HITPOINT WARNING * * *
The two-headed ogre hits you with a giant club!!
* * * LOW HITPOINT WARNING * * *
You take 42 damage, and have 18/82 hp.
MASSIVE DAMAGE!!
You feel agile all of a sudden.
You block the two-headed ogre's attack. x2
The flow of time bends around you.
The two-headed ogre resists with some effort.
You feel slightly more hungry.
Cheibriados lowers the support of your attributes as your movement quickens.
You now have 10/14 mp.
Are you sure you want to shaft yourself?
You are feeling hungry.
The two-headed ogre hits you with a great mace!!
* * * LOW HITPOINT WARNING * * *
The two-headed ogre closely misses you.
You begin to dig a shaft.
You continue digging a shaft.
The two-headed ogre hits you with a great mace.
You die...

#..### #... .### ##..# ..#
####### #..# #.# #......
##########.########.#######......
....##.....#.....#...............
...................##.#####.....>
.................O.##.....#......
................@..######.##.##..
#.##...............# #..#.##..
#..#.......)........# ##....#..
##.#................# ##......
#.................#.# #.###..
#[##.#.....#.....##.# #.# ...
#)##.##########... .. #.. ##.
#.##......# #### .# #.# .
...##.....# #.#


You could see a two-headed ogre.

Notes
Turn   | Place    | Note
-------+----------+-------------------------------------------
     0 | D:1      | theanonym the Formicid Fighter began the quest for the Orb.
     0 | D:1      | Reached XP level 1. HP: 18/18 MP: 1/1
    61 | D:1      | Reached XP level 2. HP: 19/24 MP: 2/2
   324 | D:1      | Reached skill level 3 in Maces & Flails
   324 | D:1      | Reached XP level 3. HP: 26/29 MP: 3/3
  1014 | D:2      | Found a burning altar of Makhleb.
  1014 | D:2      | Noticed a cacodemon
  1106 | D:2      | HP: 15/30 [poisoned by a kobold]
  1114 | D:2      | HP: 14/30 [poisoned by a kobold]
  1646 | D:2      | Reached XP level 4. HP: 37/37 MP: 4/4
  2016 | D:3      | Noticed Grinder
  2040 | D:3      | HP: 18/37 [Grinder/nerve-wracking pain (10)]
  2041 | D:3      | HP: 7/37 [Grinder/nerve-wracking pain (11)]
  2045 | D:3      | Killed Grinder
  2045 | D:3      | Reached skill level 4 in Fighting
  2045 | D:3      | Reached skill level 5 in Maces & Flails
  2045 | D:3      | Reached XP level 5. HP: 43/43 MP: 5/5
  2045 | D:3      | Reached XP level 6. HP: 50/50 MP: 6/6
  2055 | D:3      | Noticed Sigmund
  2073 | D:3      | Killed Sigmund
  2073 | D:3      | Reached skill level 5 in Fighting
  2073 | D:3      | Reached skill level 6 in Maces & Flails
  2073 | D:3      | Reached XP level 7. HP: 41/56 MP: 7/7
  2997 | D:3      | Found an opulent altar of Gozag.
  3337 | D:4      | Noticed Goblin1989's ghost (weakling FeMo)
  3378 | D:4      | Killed Goblin1989's ghost
  3501 | D:4      | HP: 28/57 [worker ant (6)]
  3506 | D:4      | HP: 23/57 [poisoned by a worker ant]
  3511 | D:4      | HP: 20/57 [poisoned by a worker ant]
  3516 | D:4      | HP: 18/57 [poisoned by a worker ant]
  3521 | D:4      | HP: 17/57 [poisoned by a worker ant]
  3528 | D:4      | HP: 17/57 [poisoned by a worker ant]
  3536 | D:4      | HP: 16/57 [poisoned by a worker ant]
  3757 | D:4      | Found a staircase to the Ecumenical Temple.
  3767 | Temple   | Entered the Ecumenical Temple
  3929 | D:4      | Found a shimmering altar of Xom.
  4017 | D:4      | Found a blossoming altar of Fedhas.
  4081 | D:4      | Reached skill level 6 in Fighting
  4081 | D:4      | Reached skill level 7 in Maces & Flails
  4106 | D:4      | Reached XP level 8. HP: 63/64 MP: 8/8
  4150 | D:4      | Found a snail-covered altar of Cheibriados.
  4156 | D:4      | Became a worshipper of Cheibriados the Contemplative
  4223 | D:5      | Entered Level 5 of the Dungeon
  4255 | D:5      | Noticed Prince Ribbit
  4268 | D:5      | Killed Prince Ribbit
  4268 | D:5      | Reached skill level 1 in Invocations
  4362 | D:5      | Reached skill level 2 in Invocations
  4630 | D:5      | Reached skill level 8 in Maces & Flails
  4681 | D:5      | Found Afagas's General Store.
  4826 | D:5      | Noticed Edmund
  4839 | D:5      | Killed Edmund
  4839 | D:5      | Reached skill level 7 in Fighting
  4839 | D:5      | Reached skill level 3 in Invocations
  4905 | D:5      | Reached XP level 9. HP: 67/72 MP: 11/11
  5176 | D:5      | Found a runed door.
  5272 | D:5      | Reached * piety under Cheibriados
  5351 | D:5      | Noticed Crazy Yiuf
  5356 | D:5      | Killed Crazy Yiuf
  5480 | D:6      | Reached skill level 4 in Invocations
  5498 | D:6      | Reached skill level 9 in Maces & Flails
  5564 | D:6      | Found a transporter.
  5585 | D:6      | Found a transporter.
  6388 | D:6      | Found a stormy altar of Qazlal.
  6388 | D:6      | Found a sparkling altar of Nemelex Xobeh.
  6389 | D:6      | Found a deep blue altar of Sif Muna.
  6423 | D:6      | Found a glowing golden altar of the Shining One.
  6453 | D:6      | Reached skill level 5 in Invocations
  6517 | D:7      | Noticed nikopol's ghost (novice DEFE)
  6601 | D:7      | Reached skill level 8 in Fighting
  6659 | D:7      | Killed nikopol's ghost
  6659 | D:7      | Reached skill level 10 in Maces & Flails
  6659 | D:7      | Reached XP level 10. HP: 49/80 MP: 12/14
  6832 | D:7      | Found a shadowy altar of Dithmenos.
  6883 | D:7      | Reached ** piety under Cheibriados
  7179 | D:7      | Reached skill level 6 in Invocations
  7411 | D:7      | Found a white marble altar of Elyvilon.
  7442 | D:7      | Found a hide-covered altar of Uskayaw.
  7979 | D:8      | Noticed a two-headed ogre
  7992 | D:8      | HP: 34/82 [two-headed ogre/great mace (25)]
  8001 | D:8      | HP: 38/82 [two-headed ogre/great mace (22)]
  8001 | D:8      | HP: 18/82 [two-headed ogre/great mace (20)]
  8004 | D:8      | HP: 1/82 [two-headed ogre/great mace (18)]
  8005 | D:8      | Slain by a two-headed ogre

Vanquished Creatures
  The ghost of nikopol the Thaumaturge, a novice DEFE (D:7)
  Grinder (D:3)
  Prince Ribbit (D:5)
  Sigmund (D:3)
  A steam dragon (D:6)
  Edmund (D:5)
  An orc warrior (D:8)
  3 ice beasts
  2 black bears
  A necrophage (D:7)
  3 ogres
  2 phantoms
  A centaur (D:5)
  A big kobold (D:7)
  A gnoll sergeant (D:8)
  2 scorpions
  A howler monkey (D:6)
  4 crimson imps
  A centaur zombie (D:5)
  A quasit (D:6)
  A bullfrog zombie (D:6)
  The ghost of Goblin1989 the Ducker, a weakling FeMo of Wu Jian (D:4)
  Crazy Yiuf (D:5)
  3 centaur skeletons
  4 hounds
  A jelly (D:8)
  An orc priest (D:3)
  2 orc wizards
  An iguana (D:4)
  4 worker ants
  A killer bee zombie (D:6)
  A hound zombie (D:7)
  2 worker ant zombies (D:5)
  6 gnolls
  7 adders
  A howler monkey skeleton (D:7)
  A shadow imp (D:5)
  3 oozes
  2 worms
  6 dart slugs
  2 leopard geckos
  10 orcs
  5 bats
  5 giant cockroaches
  7 goblins
  8 hobgoblins
  6 jackals
  12 kobolds
  A ball python (D:4)
  7 frilled lizards
  A giant cockroach zombie (D:5)
  6 rats
149 creatures vanquished.
